Map: Ascension to Aiur LE

Players

LeeEunHye - Winner!

  • Race: Protoss Protoss
  • Spawn Location: 5:00

Bourbond

  • Race: Terran Terran
  • League: Master
  • Spawn Location: 11:00

VOD

Have the link to the VOD?

Description

Time

  • Played on: Dec. 30, 2017, 11:01 p.m.
  • Length: 8:06
Show
View Real Time Build Order
Export as new Build Order

LeeEunHye Protoss - Winner!

Build Orders:  

Get SALT Encoding   

  12  0:00  Probe  
  13  0:13  Probe  
  14  0:18  Pylon  
  14  0:25  Probe  
  15  0:37  Probe  
  15  0:38  Gateway  
  16  0:43  Assimilator  
  16  0:49  Probe (Chrono Boost)  
  17  0:52  Assimilator  
  17  1:00  Probe (Chrono Boost)  
  18  1:05  Probe (Chrono Boost)  
  19  1:15  Probe  
  20  1:26  Cybernetics Core  
  20  1:27  Probe  
  21  1:49  Pylon  
  21  1:59  Stalker (Chrono Boost)  
  21  2:03  Warp Gate  
  21  2:08  Stargate  
  23  2:11  Shield Battery, Probe  
  24  2:23  Probe  
  24  2:28  Pylon  
  25  2:31  Stalker  
  27  2:40  Gateway  
  27  2:49  Void Ray (Chrono Boost)  
  31  3:19  Pylon  
  31  3:22  Void Ray (Chrono Boost)  
  35  3:31  Stalker  
  37  3:39  Shield Battery  
  37  3:41  Shield Battery  
  37  3:58  Void Ray (Chrono Boost)  
  41  4:19  Stalker  
  41  4:20  Pylon, Stalker  
  45  4:42  Shield Battery  
  45  4:43  Shield Battery  
  43  4:56  Shield Battery, Void Ray  
  47  5:32  Stalker x2  
  49  5:36  Void Ray (Chrono Boost)  
  47  5:44  Pylon  
  47  5:52  Probe  
  44  6:01  Nexus  
  44  6:08  Sentry  
  46  6:11  Probe  
  47  6:23  Probe  
  42  6:42  Stalker x2  
  42  6:46  Void Ray (Chrono Boost)  
  46  6:56  Probe  
  48  7:08  Probe (Chrono Boost)  
  48  7:12  Sentry, Stalker  
  48  7:15  Probe (Chrono Boost)  
  54  7:26  Probe x2 (Chrono Boost)  
  51  7:47  Stalker  
  51  7:48  Stalker  
  59  8:03  Assimilator  
Show
View Real Time Build Order
Export as new Build Order

Bourbond Terran 

Build Orders: Reaper Expand 

Get SALT Encoding   

  12  0:00  SCV  
  13  0:12  SCV  
  14  0:17  Supply Depot  
  14  0:25  SCV  
  15  0:29  Refinery  
  15  0:39  SCV  
  16  0:45  Barracks  
  16  0:51  SCV  
  17  1:03  SCV  
  18  1:15  SCV  
  19  1:32  Orbital Command  
  19  1:33  Reaper  
  20  1:49  Command Center  
  20  2:01  Factory  
  20  2:05  SCV  
  20  2:08  Barracks Reactor  
  21  2:15  Supply Depot  
  21  2:19  SCV  
  22  2:24  Refinery  
  22  2:31  SCV  
  24  2:44  SCV  
  24  2:45  Widow Mine, Marine x2  
  28  2:56  SCV  
  29  3:02  Orbital Command  
  29  3:04  Bunker  
  29  3:08  SCV  
  29  3:12  Marine x2  
  33  3:13  Widow Mine  
  33  3:20  SCV  
  33  3:24  Starport  
  34  3:28  SCV  
  35  3:37  SCV  
  35  3:40  SCV  
  37  3:42  Widow Mine, Marine  
  37  3:47  Marine  
  41  3:49  SCV  
  42  4:01  Viking  
  41  4:18  Widow Mine, Marine  
  41  4:21  SCV  
  41  4:22  SCV  
  46  4:29  Barracks  
  46  4:31  Barracks  
  46  4:38  Supply Depot x2  
  46  4:43  Marine  
  46  4:44  SCV  
  38  5:01  Marine  
  38  5:02  Cyclone  
  38  5:04  Viking  
  38  5:06  Orbital Command  
  40  5:19  Marine x2  
  36  5:34  Cyclone  
  33  5:46  Marine x2  
  33  5:48  Viking  
  37  5:58  SCV  
  38  6:06  SCV  
  39  6:20  Viking  
  39  6:21  Marine  
  39  6:22  Marine  
  43  6:27  Supply Depot  
  43  6:28  Supply Depot  
  39  6:39  Marine  
  30  6:40  Marine  
  31  6:48  Cyclone  
  34  6:57  Marine  
  34  6:58  Marine  
  36  7:05  Viking  
  38  7:14  Marine  
  39  7:16  Marine  
  39  7:20  SCV  
  44  7:32  Marine  
  44  7:33  Marine  
  44  7:35  Barracks  
Tags
 
Add a new tag
Caveats
  • Supply blocks, unpowered buildings, or Contaminate may cause inaccurate times.
  • Supply counts are checked every 10 seconds.